 Dungeon Sprint DCSS version 0.27-a0-1512-g99fd57bada (webtiles) character file.

Game seed: 11131717675948434018

233 Conn the Arsonist (level 6, 0/36 HPs)
             Began as an Octopode Fire Elementalist on July 9, 2021.
             Succumbed to a scorpion's poison
             ... in the Dungeon (Sprint II: "The Violet Keep of Menkaure").
             The game lasted 00:00:58 (34 turns).

Conn the Arsonist (Octopode Fire Elementalist)        Turns: 34, Time: 00:00:58

Health: 0/36       AC:  1    Str:  8    XL:     6   Next: 4%
Magic:  3/13       EV: 14    Int: 19    God:
Gold:   0          SH:  0    Dex: 12    Spells: 14/15 levels left

rFire    . . .     SeeInvis .   (no weapon)
rCold    . . .     Faith    .   (no shield)
rNeg     . . .     Spirit   .   (helmet restricted)
rPois    .         Reflect  .   (no amulet)
rElec    .         Harm     .   (no ring)
rCorr    .         Rampage  .   (no ring)
Will     .....     NoTele   +   (no ring)
Stlth    ++++......             (no ring)
HPRegen  0.12/turn              (no ring)
MPRegen  0.13/turn              (no ring)
                                (no ring)
                                (no ring)

@: lethally poisoned (0 -> -10), on berserk cooldown, hasted and slowed
A: almost no armour, amphibious, 8 rings, camouflage 1, gelatinous body 1,
(nimble swimmer 1), tentacles
a: no special abilities


You were in the Dungeon.
You visited 1 branch

Inventory:

Scrolls
 f - a scroll of blinking
Potions
 a - a potion of curing
 b - a potion of heal wounds
 d - 2 potions of magic


   Skills:
 + Level 3.6 Dodging
 + Level 4.5 Stealth
 * Level 5.3 Spellcasting
 * Level 4.2 Conjurations
 * Level 9.4 Fire Magic


You had 14 spell levels left.
You knew the following spells:

 Your Spells              Type           Power      Damage    Failure   Level
a - Foxfire               Conj/Fire      100%       2x1d9     1%          1

Your spell library contained the following spells:

 Spells                   Type           Power      Damage    Failure   Level
 Conjure Flame            Conj/Fire      30%        6-21      2%          3
 Inner Flame              Hex/Fire       22%        N/A       5%          3
 Sticky Flame             Conj/Fire      30%        2d5       8%          4
 Fireball                 Conj/Fire      15%        3d8       21%         5


Dungeon Overview and Level Annotations

Branches:
Dungeon (1/1)

Altars:


Innate Abilities, Weirdness & Mutations

You cannot wear most types of armour.
You are amphibious.
You can wear up to eight rings at the same time.
Your skin changes colour to match your surroundings (Stealth+).
Your rubbery body absorbs attacks. (AC +1, EV +1)
((You are camouflaged near water. (Stealth+)))
You have tentacles for arms and can constrict up to eight enemies at once.


Message History

The scorpion is severely wounded.
You constrict the scorpion, but do no damage.
The scorpion stings you.
* * * LOW HITPOINT WARNING * * *
You bludgeon the scorpion!
You kill the scorpion!
Your Stealth skill increases to level 4!
Your Fire Magic skill increases to level 8!
You bludgeon the scorpion! You grab the scorpion.
The scorpion is heavily wounded.
You constrict the scorpion. The scorpion barely misses you.
You barely miss the scorpion.
The scorpion is heavily wounded.
You constrict the scorpion, but do no damage.
The scorpion stings you.
* * * LOW HITPOINT WARNING * * *
You are lethally poisoned!
The scorpion poisons you!
You tentacle-slap the scorpion.
The scorpion is severely wounded.
You constrict the scorpion, but do no damage.
* * * LOW HITPOINT WARNING * * *
You feel very sick.
Unknown command.
You bludgeon the scorpion!
You kill the scorpion!
* * * LOW HITPOINT WARNING * * *
You feel sick.
Your Spellcasting skill increases to level 5!
Your Conjurations skill increases to level 4!
Your Fire Magic skill increases to level 9!
You have reached level 6!
Your experience leads to an increase in your attributes!
Increase (S)trength, (I)ntelligence, or (D)exterity?
You feel clever.
Unknown command.
You are no longer berserk.
You are exhausted.
You feel yourself slow down.
You die...

## # #.#
#+# 3#
#..##.##.3#
#@.<.+$#
#..##.##3#
#.# #+# 3#
## #


There were no monsters in sight!

Vanquished Creatures
  4 scorpions (D)
4 creatures vanquished.

Vanquished Creatures (others)
  A foxfire (D)
1 creature vanquished.

Grand Total: 5 creatures vanquished

Notes
Turn   | Place    | Note
-------+----------+-------------------------------------------
     0 | D        | Conn the Octopode Fire Elementalist began the quest for the
                  | Orb.
     0 | D        | Reached XP level 1. HP: 11/11 MP: 3/3
     1 | D        | Noticed a neqoxec
     1 | D        | Noticed a neqoxec
     1 | D        | Noticed a neqoxec
     1 | D        | Noticed a neqoxec
    10 | D        | Noticed a scorpion
    10 | D        | Noticed a scorpion
    10 | D        | Noticed a scorpion
    10 | D        | Noticed a scorpion
    19 | D        | Killed a scorpion
    20 | D        | Reached skill level 6 in Fire Magic
    20 | D        | Reached XP level 2. HP: 17/17 MP: 2/6
    20 | D        | Reached XP level 3. HP: 21/21 MP: 2/8
    25 | D        | Killed a scorpion
    26 | D        | Reached skill level 7 in Fire Magic
    26 | D        | Reached XP level 4. HP: 19/27 MP: 2/10
    26 | D        | Reached XP level 5. HP: 22/31 MP: 2/11
    30 | D        | Reached skill level 8 in Fire Magic
    33 | D        | HP: 2/46 [poisoned by a scorpion]
    34 | D        | Reached skill level 5 in Spellcasting
    34 | D        | Reached skill level 9 in Fire Magic
    34 | D        | Reached XP level 6. HP: 2/36 MP: 3/13
    34 | D        | Succumbed to a scorpion's poison

Illustrated notes

Levels and vault maps discovered:
D:        the_violet_keep_of_menkaure [sprint2_stairs_cluster_1,
          sprint2_shoproom, sprint2_temple, sprint2_basic_supplies,
          sprint2_obstacle_3, sprint2_obstacle_6, sprint2_obstacle_1,
          sprint2_obstacle_4, sprint2_obstacle_7, sprint2_timed_cluster_1,
          sprint2_smallroom_cluster_1, sprint2_smallroom_final_cluster_1,
          sprint2_transparent_cluster_1, sprint2_second_timed_cluster_1,
          sprint2_sniper_area_1, sprint2_heavy_combat_area_1,
          sprint2_mutation_trap_area_1, sprint2_forest_area_1,
          sprint2_light_combat_area_1, sprint2_behind_water_1,
          sprint2_near_end_vault_1]

Skill      XL: |  1  2  3  4  5 |
---------------+----------------+-----
Stealth        | 3 4 |  4.5
Spellcasting   | 3 4 5 |  5.3
Conjurations   | 2 3 4 |  4.2
Fire Magic     | 6 7 9 |  9.4
Dodging        | 3 |  3.6

Action                   |  1- 3 |  4- 6 || total
-------------------------+-------+-------++-------
Melee: Unarmed           |     9 |     8 ||    17
       Constrict         |     2 |     2 ||     4
       Tentacles         |     2 |     1 ||     3
 Cast: Foxfire           |     1 |       ||     1
  Use: Potion            |     2 |       ||     2
Armor: Skin              |     1 |       ||     1
Dodge: Dodged            |     1 |     1 ||     2

Table legend: (Time is in decaauts)
 A = Elapsed time spent in this place.
 B = Non-inter-level travel time spent in this place.
 C = Inter-level travel time spent in this place.
 D = Time resting spent in this place.
 E = Time spent auto-exploring this place.
 F = Levels seen in this place.
 G = Mean time per level.
                   A        B        C        D        E       F      G
               +--------+--------+--------+--------+--------+-----+--------+
         Total |     26 |     26 |      0 |      0 |      0 |   1 |   26.0 |
       Dungeon |     26 |     26 |      0 |      0 |      0 |   1 |   26.0 |
               +--------+--------+--------+--------+--------+-----+--------+

Top non-repeatable levels by time:
       D: 26 daAuts
